 Dungeon Crawl Stone Soup version 0.30-a0-381-g6ea064c7b4 (webtiles) character file.

Game seed: 8478397127520449184

105 bande the Covered (level 4, 0/29 HPs)
             Began as a Gargoyle Fighter on Dec 1, 2022.
             Slain by an ogre
             ... wielding a +0 giant club
              (21 damage)
             ... on level 3 of the Dungeon.
             The game lasted 00:03:19 (2128 turns).

bande the Covered (Gargoyle Fighter)                Turns: 2128, Time: 00:03:20

Health: 0/29       AC: 14    Str: 26    XL:     4   Next: 81%
Magic:  4/4        EV:  8    Int:  8    God:
Gold:   179        SH:  4    Dex: 11    Spells: 3/3 levels left

rFire   . . .      SeeInvis +    a - +1 war axe (flame)
rCold   . . .      Faith    .    c - +0 buckler
rNeg    + . .      Spirit   .    i - +0 chain mail
rPois   ∞          Reflect  .    l - +0 helmet
rElec   +          Harm     .    (no cloak)
rCorr   .          Rampage  .    (no gloves)
Will    .....                    (no boots)
Stlth   ..........               (no amulet)
HPRegen 0.24/turn                f - +6 ring of strength
MPRegen 0.09/turn                b - ring of see invisible

@: no status effects
A: sickness immunity, AC +3, negative energy resistance 1, electricity
resistance, torment resistance 1, petrification resistance
a: no special abilities


You were on level 3 of the Dungeon.
You visited 1 branch of the dungeon, and saw 3 of its levels.

You collected 179 gold pieces.

Inventory:

Hand Weapons
 a - a +1 war axe of flaming (weapon)
 n - a +0 war axe
Armour
 c - a +0 buckler (worn)
 i - a +0 chain mail (worn)
 l - a +0 helmet (worn)
Jewellery
 b - a ring of see invisible (right hand)
 f - a +6 ring of strength (left hand)
 k - a ring of fire
Scrolls
 h - a scroll of enchant armour {unknown}
 m - a scroll of amnesia
Potions
 d - a potion of might
 e - a potion of curing
 g - a potion of cancellation {unknown}
 j - 4 potions of flight
 o - a potion of heal wounds {unknown}


   Skills:
 + Level 3.8 Fighting
 + Level 3.0 Axes
 + Level 4.2 Armour
 - Level 0.1 Stealth
 + Level 3.7 Shields


You had 3 spell levels left.
You didn't know any spells.
Your spell library contained the following spells:

 Spells                   Type           Power      Damage    Failure   Level
 Ozocubu's Armour         Ice            0%         N/A       100%        3
 Tukima's Dance           Hex            0%         N/A       100%        3
 Passage of Golubria      Tloc           0%         N/A       100%        4
 Metabolic Englaciation   Hex/Ice        0%         N/A       100%        5
 Yara's Violent Unravell  Hex/Tmut       0%         3d3       100%        5
 Simulacrum               Ice/Necr       0%         N/A       100%        6


Dungeon Overview and Level Annotations

Branches:
Dungeon (3/15)

Altars:
The Shining One

Shops:
D:1 =   D:2 (


Innate Abilities, Weirdness & Mutations

You are immune to sickness and miasma.
Your stone body is resilient. (AC +3)
You are immune to poison.
You resist negative energy. (rN+)
You are resistant to electric shocks. (rElec)
You are resistant to unholy torment.
You are immune to petrification.


Message History

A goblin comes into view. It is wielding a +0 dagger.
You slash the goblin! You burn the goblin.
You kill the goblin!
A goblin comes into view. It is wielding a +0 dagger.
You hit the goblin. You burn the goblin.
You kill the goblin!
You slash the goblin! You burn the goblin.
You kill the goblin!
You barely miss the goblin. You slash the goblin! You burn the goblin.
You kill the goblin!
You closely miss the goblin. The goblin hits you but does no damage.
You barely miss the ogre. You closely miss the goblin.
The ogre hits you with a +0 giant club! The goblin hits you but does no damage.
You slash the ogre! You burn the ogre.
The ogre is severely wounded.
You closely miss the goblin. The goblin hits you but does no damage.
The ogre hits you with a +0 giant club!
* * * LOW HITPOINT WARNING * * *
You are too injured to fight recklessly!
You are too injured to fight recklessly!
You are too injured to fight recklessly!
You are too injured to fight recklessly!
You are too injured to fight recklessly!
You are too injured to fight recklessly!
You are too injured to fight recklessly!
You feel better. The goblin hits you but does no damage.
You feel better. The goblin barely misses you.
You slash the goblin! You burn the goblin.
You kill the goblin!
The goblin unwields a +0 dagger.
The goblin wields a +1 sling of flaming.
It bursts into flame!
The goblin shoots a sling bullet.
The sling bullet hits you but does no damage.
The ogre misses you.
You hit the ogre. You burn the ogre.
The ogre is severely wounded.
The ogre hits you with a +0 giant club!!
Ouch! That really hurt!
You die...

#............
#............
#............
###.....###....
#.......# #.###
###.......# #.###
##...[...### #.##.
#..#.....# #....
#@#####..# #.##.
#O#,,,#..#####.##.
#gg...#........##.
###..(###<#######.
*#### #.# #.
#.#######.
#.........
##########


You could see an ogre and 2 goblins.

Vanquished Creatures
  Terence (D:3)
  3 adders
  A worm (D:2)
  2 dart slugs (D:1)
  2 orcs (D:3)
  A ball python (D:2)
  2 endoplasms
  2 giant cockroaches (D:3)
  13 goblins
  3 hobgoblins
  2 kobolds
  4 bats
  2 frilled lizards
  2 rats
40 creatures vanquished.

Notes
Turn   | Place    | Note
-------+----------+-------------------------------------------
     0 | D:1      | bande the Gargoyle Fighter began the quest for the Orb.
     0 | D:1      | Reached XP level 1. HP: 14/14 MP: 1/1
   165 | D:1      | Reached XP level 2. HP: 16/19 MP: 2/2
   207 | D:1      | Found Sifyzxoe's Jewellery Boutique.
   696 | D:1      | You fall into a shaft and drop 1 floor!
  1012 | D:2      | Found Paxell's Weapon Emporium.
  1061 | D:2      | Reached XP level 3. HP: 22/24 MP: 3/3
  1493 | D:2      | Reached skill level 4 in Armour
  1742 | D:3      | Found a glowing golden altar of the Shining One.
  1891 | D:3      | Noticed Terence
  1898 | D:3      | Killed Terence
  1899 | D:3      | Reached XP level 4. HP: 29/29 MP: 4/4
  2116 | D:3      | Noticed an ogre
  2128 | D:3      | Slain by an ogre

Illustrated notes

Levels and vault maps discovered:
D:1:      dpeg_arrival_simpleton_a, layout_loops_corners, serial_shops,
          nicolae_square_shop, chequers_serial_rivers_small_3
D:2:      layout_basic, serial_shops, nicolae_shop_bloodbath_and_beyond,
          nicolae_figureground_sparkle
D:3:      kb_forest_paths, layout_basic, tso_metal_star, minmay_ogre_servants,
          uniq_terence

Skill      XL: |  1  2  3  4 |
---------------+-------------+-----
Axes           | 2 3 |  3.0
Armour         | 4 |  4.2
Fighting       | |  3.8
Stealth        | |  0.1
Shields        | |  3.7

Action                   |  1- 3 |  4- 6 || total
-------------------------+-------+-------++-------
Melee: War axe           |    81 |    25 ||   106
  Use: Scroll            |     9 |       ||     9
       Potion            |       |     2 ||     2
Armor: Scale mail        |    22 |       ||    22
       Chain mail        |    41 |    15 ||    56
Dodge: Dodged            |    33 |     7 ||    40
Block: Buckler           |    19 |     3 ||    22

Table legend: (Time is in decaauts)
 A = Elapsed time spent in this place.
 B = Non-inter-level travel time spent in this place.
 C = Inter-level travel time spent in this place.
 D = Time resting spent in this place.
 E = Time spent auto-exploring this place.
 F = Levels seen in this place.
 G = Mean time per level.
                   A        B        C        D        E       F      G
               +--------+--------+--------+--------+--------+-----+--------+
         Total |   2179 |   2139 |     40 |      0 |   1787 |   3 |  726.3 |
       Dungeon |   2179 |   2139 |     40 |      0 |   1787 |   3 |  726.3 |
               +--------+--------+--------+--------+--------+-----+--------+

Top non-repeatable levels by time:
     D:1: 1017 daAuts
     D:2: 716 daAuts
     D:3: 445 daAuts
